 Dungeon Crawl Stone Soup version 0.28.0-53-g5a82cb258f (webtiles) character file.

Game seed: 441114610129347318

1282 mortz the Conjurer (level 8, -4/53 HPs)
             Began as a Human Conjurer on May 26, 2022.
             Was a Follower of Vehumet.
             Slain by an orc warrior
             ... wielding a +2 trident of protection
              (19 damage)
             ... while paralysed by an orc warrior
             ... on level 6 of the Dungeon.
             The game lasted 00:31:39 (7168 turns).

mortz the Conjurer (Human Conjurer)                 Turns: 7168, Time: 00:31:39

Health: -4/53      AC:  4    Str:  7    XL:     8   Next: 84%
Magic:  14/15      EV:  2    Int: 26    God:    Vehumet [*.....]
Gold:   208        SH:  0    Dex: 13    Spells: 13/16 levels left

rFire   . . .      SeeInvis .   G - +5 long sword {long}
rCold   . . .      Faith    .   (no shield)
rNeg    + . .      Spirit   .   k - +0 leather armour
rPois   .          Reflect  .   (no helmet)
rElec   .          Harm     .   (no cloak)
rCorr   .          Rampage  .   (no gloves)
Will    .....                   y - +0 pair of boots
Stlth   ++........              s - amulet of regeneration {@e2}
HPRegen 0.97/turn               m - +6 ring of intelligence
MPRegen 0.14/turn               u - ring of positive energy

@: paralysed
A: no striking features
a: Renounce Religion


You were on level 6 of the Dungeon.
You worshipped Vehumet.
Vehumet was aware of your devotion.
You visited 2 branches of the dungeon, and saw 7 of its levels.

You collected 208 gold pieces.


   Skills:
 + Level 0.8 Fighting
 + Level 4.1 Armour
 + Level 2.4 Dodging
 + Level 3.4 Stealth
 + Level 0.7 Unarmed Combat
 + Level 4.8 Spellcasting
 + Level 6.7 Conjurations
 * Level 3.8 Translocations


You had 13 spell levels left.
You knew the following spells:

 Your Spells              Type           Power      Damage    Failure   Level
a - Magic Dart            Conj           100%       1d8       1%          1
b - Searing Ray           Conj           82%        2d7       1%          2

Your spell library contained the following spells:

 Spells                   Type           Power      Damage    Failure   Level
 Sandblast                Erth           12%        2d6       12%         1
 Dazzling Flash           Conj/Hex       46%        N/A       9%          3
 Iskenderun's Mystic Bla  Conj/Tloc      33%        2d8       13%         4
 Mephitic Cloud           Conj/Pois/Air  17%        N/A       14%         3
 Portal Projectile        Hex/Tloc       32%        N/A       16%         3
 Poisonous Vapours        Pois/Air       12%        N/A       17%         2
 Fulminant Prism          Conj/Hex       11%        3d9       28%         4
 Tukima's Dance           Hex            6%         N/A       34%         3
 Leda's Liquefaction      Hex/Erth       3%         N/A       75%         4
 Lee's Rapid Deconstruct  Erth           3%         3d6*      97%         5
 Statue Form              Tmut/Erth      4%         N/A       100%        6

Inventory:

Hand Weapons
 h - a +0 rapier {short}
   (You found it on level 3 of the Dungeon)
 n - a +0 short sword {short}
   (You found it on level 2 of the Dungeon)
 o - a +0 hand axe {axe}
   (You took it off an orc on level 3 of the Dungeon)
 p - a +2 dagger of speed {short}
   (You took it off a goblin on level 3 of the Dungeon)
 G - a +5 long sword (weapon) {long}
   (You took it off a wight on level 6 of the Dungeon)
 H - a +3 war axe {axe}
   (You took it off a wight on level 6 of the Dungeon)
 I - a +3 falchion {long}
   (You took it off a wight on level 6 of the Dungeon)
Missiles
 l - 24 poisoned darts {throwing}
 C - 3 boomerangs {throwing}
Armour
 a - a +0 robe
 c - a scarf of shadows
   (You found it on level 1 of the Dungeon)
 g - a +0 kite shield
   (You found it on level 1 of the Dungeon)
 k - a +0 leather armour (worn)
   (You found it on level 2 of the Dungeon)
 y - a +0 pair of boots (worn)
   (You found it on level 4 of the Dungeon)
 E - a +0 ring mail of fire resistance
   (You took it off an orc on level 5 of the Dungeon)
Magical Staves
 q - a staff of fire {!astaff}
   (You found it on level 3 of the Dungeon)
Jewellery
 m - a +6 ring of intelligence (left hand)
   (You found it on level 2 of the Dungeon)
 s - an amulet of regeneration (around neck) {@e2}
   (You found it on level 3 of the Dungeon)
 u - a ring of positive energy (right hand)
   (You found it on level 4 of the Dungeon)
 z - an amulet of faith {!P}
   (You found it on level 4 of the Dungeon)
Wands
 r - a wand of polymorph (13)
   (You took it off Ijyb on level 3 of the Dungeon)
Scrolls
 b - 3 scrolls of noise {unknown}
 f - a scroll of immolation {!r!r}
 i - 3 scrolls of identify {@r1}
 t - a scroll of acquirement {unknown}
 v - a scroll of enchant armour {unknown}
 w - a scroll of amnesia {unknown}
 A - 2 scrolls of teleportation {unknown}
 D - a scroll of magic mapping {unknown}
Potions
 d - a potion of heal wounds {unknown}
 e - a potion of cancellation {unknown}
 j - 2 potions of magic
 x - a potion of might {unknown}
 B - a potion of curing {unknown}
 F - 2 potions of haste {@q3}
 J - a potion of degeneration {unknown}

Dungeon Overview and Level Annotations

Branches:
Dungeon (6/15)             Temple (1/1) D:5

Altars:
Ashenzari
Cheibriados
Fedhas
Hepliaklqana
Kikubaaqudgha
Okawaru
Qazlal
Ru
Sif Muna
Trog
Vehumet
Wu Jian
Yredelemnul
The Shining One

Shops:
D:1 :

Annotations:
D:3 Sigmund
D:5 1 runed translucent door, osoart's ghost, novice DsFi

# ####.###.......o #
#.[..........### #
#.#.##.#######... #
#.#.#..#.#### .## #
.......#.#.#.#.......
.......#.#.#....#####
.......#.#.o#####
.......#.#..#
.......#.#.@#
#####.......#.##.#
............#.#..#
####[###+## #.##.#
#.....#.####....#
#[##.....[(.#####
#.##.##.###(####
#[##.....).....#
##.#######.#.##.#


You could see an orc warrior.


Message History

😮 HP[+1] MP[+1]
You start resting. 😎 HP[+14] MP[+2]
Your hp is fully restored (53).
You regained 2 mp, and now have 4/15 mp. 😎 MP[+1]
Things that are here:
a +0 glaive {polearm}; a +0 plate armour; an orc corpse
b - 3 scrolls labelled YRUZIA MICRALO (gained 1)
An orc warrior is nearby! 😎 MP[+6]
You regained 6 mp, and now have 11/15 mp. 😎 MP[+1]
You start resting. 😎 MP[+3]
Your mp is fully restored (15).
An orc warrior is nearby!
Aiming: Magic Dart (safe; 1% risk of failure)
Press: ? - help, Q - select action, (/) - cycle Shift-Dir - straight line, f - orc warrior
Aim: an orc warrior, wielding a +2 trident of protection, wearing a +0 plate armour and carrying a wand of paralysis (15) (wandering, hasn't noticed you, 100% to hit)
The magic dart hits the orc warrior but does no damage.
The orc warrior shouts! 😎 MP[-1]
You lost 1 mp, and now have 14/15 mp.
Casting: Magic Dart (safe; 1% risk of failure)
Confirm with . or Enter, or press ? or * to list all spells.
Aiming: Searing Ray (safe; 1% risk of failure)
Press: ? - help, Shift-Dir - straight line, f/p - orc warrior
Aim: an orc warrior, wielding a +2 trident of protection, wearing a +0 plate armour and carrying a wand of paralysis (15) (82% to hit)
The searing ray hits the orc warrior but does no damage. (Press . to maintain the ray.)
The orc warrior zaps a wand.
You suddenly lose the ability to move!
The orc warrior zaps a wand.
You shrug off the repeated paralysis!
You can move again. 😎 MP[-2]
You lost 2 mp, and now have 12/15 mp.
The orc warrior closely misses you. 😎 MP[+1]
Casting: Searing Ray (safe; 1% risk of failure)
Confirm with . or Enter, or press ? or * to list all spells.
Aiming: Searing Ray (safe; 1% risk of failure)
Press: ? - help, Shift-Dir - straight line, f/p - orc warrior
Aim: an orc warrior, wielding a +2 trident of protection, wearing a +0 plate armour and carrying a wand of paralysis (13) (82% to hit)
The searing ray hits the orc warrior. (Press . to maintain the ray.)
The orc warrior hits you from afar with a +2 trident of protection! 😕 HP[-7] MP[-2]
You take 7 damage, and now have 46/53 hp.
You lost 2 mp, and now have 11/15 mp.
The searing ray hits the orc warrior but does no damage.
The orc warrior zaps a wand.
You suddenly lose the ability to move!
The orc warrior hits you from afar with a +2 trident of protection.
The orc warrior hits you from afar with a +2 trident of protection.
The orc warrior hits you from afar with a +2 trident of protection!
The orc warrior hits you from afar with a +2 trident of protection!
* * * LOW HITPOINT WARNING * * *
The orc warrior hits you from afar with a +2 trident of protection!
* * * LOW HITPOINT WARNING * * *
The orc warrior hits you from afar with a +2 trident of protection.
* * * LOW HITPOINT WARNING * * *
You can move again. 😨 HP[-30]
You take 30 damage, and now have 16/53 hp.
MASSIVE DAMAGE!! (PAUSE) 😨 HP[+1] 😨 HP[+1] 😨 HP[+1]
The orc warrior zaps a wand.
You suddenly lose the ability to move!
The orc warrior hits you from afar with a +2 trident of protection!
* * * LOW HITPOINT WARNING * * *
You can move again. 😱 HP[-6]
You take 6 damage, and now have 13/53 hp. 😨 HP[+1] MP[+1] 😨 HP[+1] 😨 HP[+1] 😨 HP[+1] 😨 HP[+1] 😨 HP[+1] 😨 HP[+1]
You see here a +0 ring mail. 😨 HP[+1] MP[+1] 😨 HP[+1] 😨 HP[+1] 😨 HP[+1] 😨 HP[+1] 😨 HP[+1] 😮 HP[+1]
The orc warrior zaps a wand.
You suddenly lose the ability to move!
The orc warrior hits you from afar with a +2 trident of protection.
* * * LOW HITPOINT WARNING * * *
The orc warrior hits you from afar with a +2 trident of protection!
* * * LOW HITPOINT WARNING * * *
The orc warrior hits you from afar with a +2 trident of protection!!
You die...

Skill      XL: |  1  2  3  4  5  6  7  8 |
---------------+-------------------------+-----
Conjurations   | 5 6 |  6.7
Armour         | 1 2 3 4 |  4.1
Spellcasting   | 3 4 |  4.8
Translocations | 1 2 3 |  3.8
Stealth        | 3 |  3.4
Fighting       | |  0.8
Dodging        | |  2.4
Unarmed Combat | |  0.7

Action                   |  1- 3 |  4- 6 |  7- 9 || total
-------------------------+-------+-------+-------++-------
Melee: Unarmed           |    14 |       |       ||    14
 Cast: Magic Dart        |    43 |    27 |    54 ||   124
       Searing Ray       |    13 |    26 |    35 ||    74
  Use: Scroll            |       |     1 |     1 ||     2
Armor: Robe              |     7 |       |       ||     7
       Leather armour    |       |     1 |       ||     1
Dodge: Dodged            |    13 |    13 |    26 ||    52

Levels and vault maps discovered:
D:1:      saegor_arrival_simple_e, layout_basic, serial_shops,
          nicolae_shop_window_shopping, hellmonk_ecumenical_altar_blasted
D:2:      layout_loops_ring
D:3:      layout_rooms, minmay_overflow_temple_hex, uniq_ijyb, uniq_sigmund,
          uniq_terence
D:4:      layout_basic
D:5:      layout_loops_ring, overflow_temple_1_default,
          minmay_temple_entry_junction, hellmonk_ghost_happy_afterlife
D:6:      cheibrodos_quashed, layout_basic, uniq_duvessa
Temple:   dshaligram_water_room_temple

Notes
Turn   | Place    | Note
-------+----------+-------------------------------------------
     0 | D:1      | mortz the Human Conjurer began the quest for the Orb.
     0 | D:1      | Reached XP level 1. HP: 13/13 MP: 3/3
     0 | D:1      | magus.rc [v1.9.6]
   225 | D:1      | Reached XP level 2. HP: 19/19 MP: 0/5
   230 | D:1      | Learned a level 2 spell: Searing Ray
   668 | D:1      | Found Ixiwe's Book Emporium.
   685 | D:1      | Reached XP level 3. HP: 24/24 MP: 1/6
   822 | D:1      | Found a faded altar of an unknown god.
  1928 | D:2      | Reached XP level 4. HP: 30/30 MP: 1/7
  2140 | D:2      | You fall into a shaft and drop 1 floor!
  2226 | D:3      | You add the spells Poisonous Vapours, Mephitic Cloud,
                  | Tukima's Dance and Portal Projectile to your library.
  2226 | D:3      | Got the Collected Works on Ensnaring Poison
  2609 | D:3      | Reached skill level 5 in Conjurations
  2732 | D:3      | Noticed Sigmund
  2873 | D:3      | Noticed Terence
  2982 | D:3      | HP: 5/30 [Terence/+0 vorpal flail (9)]
  2982 | D:3      | HP: 2/30 [Terence/+0 vorpal flail (3)]
  2983 | D:3      | Killed Terence
  3347 | D:3      | Noticed Ijyb
  3375 | D:3      | Killed Ijyb
  3376 | D:3      | Reached XP level 5. HP: 26/35 MP: 1/9
  4000 | D:4      | Reached skill level 1 in Armour
  4604 | D:4      | magus.rc [v1.9.6]
  4649 | D:5      | Entered Level 5 of the Dungeon
  4661 | D:5      | Found a staircase to the Ecumenical Temple.
  4668 | D:5      | Reached skill level 3 in Spellcasting
  4668 | D:5      | Reached XP level 6. HP: 41/41 MP: 3/10
  4675 | Temple   | Entered the Ecumenical Temple
  4737 | Temple   | Became a worshipper of Vehumet
  4833 | D:5      | Noticed a necrophage
  4837 | D:5      | Noticed an ogre
  4837 | D:5      | Noticed an ogre
  4849 | D:5      | Killed an ogre
  4853 | D:5      | Killed an ogre
  4854 | D:5      | Reached skill level 2 in Armour
  4854 | D:5      | Reached skill level 1 in Translocations
  4854 | D:5      | Reached XP level 7. HP: 46/46 MP: 1/12
  5004 | D:5      | You pick up a book of the Earth and begin reading...
  5004 | D:5      | You add the spells Leda's Liquefaction, Lee's Rapid
                  | Deconstruction and Statue Form to your library.
  5180 | D:5      | Reached skill level 6 in Conjurations
  5276 | D:5      | Found a shimmering blue altar of Sif Muna.
  5322 | D:5      | Reached skill level 4 in Spellcasting
  5375 | D:5      | magus.rc [v1.9.6]
  5393 | D:5      | Noticed a water moccasin
  5396 | D:5      | Killed a water moccasin
  5397 | D:5      | Reached skill level 3 in Armour
  5397 | D:5      | Reached skill level 3 in Stealth
  5397 | D:5      | Reached skill level 2 in Translocations
  5572 | D:5      | Noticed osoart's ghost (novice DsFi)
  5575 | D:5      | Found a runed translucent door.
  6023 | D:6      | Reached XP level 8. HP: 53/53 MP: 8/14
  6104 | D:6      | Reached * piety under Vehumet
  6104 | D:6      | Offered knowledge of Sandblast by Vehumet.
  6373 | D:6      | HP: 8/53 [orc warrior/+0 glaive (12)]
  6588 | D:6      | Reached skill level 3 in Translocations
  6879 | D:6      | Reached skill level 4 in Armour
  7130 | D:6      | Paralysed by an orc warrior for 5 turns
  7137 | D:6      | Paralysed by an orc warrior for 7 turns
  7148 | D:6      | Paralysed by an orc warrior for 2 turns
  7149 | D:6      | HP: 13/53 [orc warrior/+2 trident of protection (8)]
  7164 | D:6      | Paralysed by an orc warrior for 5 turns
  7168 | D:6      | Slain by an orc warrior

Vanquished Creatures
  A water moccasin (D:5)
  An orc warrior (D:6)
  A necrophage (D:5)
  2 ogres (D:5)
  A kobold brigand (D:6)
  A bullfrog (D:6)
  A scorpion (D:5)
  4 wights (D:6)
  A bullfrog zombie (D:5)
  An orc priest (D:6)
  A hound (D:5)
  3 bullfrog skeletons
  Ijyb (D:3)
  2 iguanas
  An orc wizard (D:6)
  Terence (D:3)
  3 adders
  A howler monkey skeleton (D:5)
  A shadow imp (D:6)
  2 white imps
  An ufetubus (D:6)
  A worm (D:2)
  3 dart slugs
  18 orcs
  3 ball pythons
  11 bats
  7 endoplasms
  5 giant cockroaches
  10 goblins
  4 hobgoblins
  4 jackals (D:1)
  2 quokkas (D:1)
  6 frilled lizards
  9 kobolds
  3 rats
117 creatures vanquished.

Table legend:
 A = Non-vault XP
 B = Vault XP
 C = Vault XP percentage of total XP
 D = Non-vault monster count
 E = Vault monster count
 F = Vault count percentage of total count
                 A         B        C        D         E       F
            +---------+---------+-------+---------+---------+-------
      Total |    1762 |      70 |   3.8 |     115 |       2 |   1.7
            +---------+---------+-------+---------+---------+-------
        D:1 |      54 |       0 |   0.0 |      30 |       0 |   0.0
        D:2 |      28 |       0 |   0.0 |      15 |       0 |   0.0
        D:3 |      22 |      70 |  76.1 |      12 |       2 |  14.3
        D:4 |      92 |       0 |   0.0 |      16 |       0 |   0.0
        D:5 |     803 |       0 |   0.0 |      18 |       0 |   0.0
        D:6 |     763 |       0 |   0.0 |      24 |       0 |   0.0
            +---------+---------+-------+---------+---------+-------

Illustrated notes

Table legend:
 A = Kills in this place as a percentage of kills in entire the game.
 B = Kills by you in this place as a percentage of kills by you in the entire game.
 C = Kills by friends in this place as a percentage of kills by friends in the entire game.
 D = Other kills in this place as a percentage of other kills in the entire game.
 E = Experience gained in this place as a percentage of experience gained in the entire game.
 F = Experience gained in this place divided by the number of levels of this place that you have seen.
                   A       B       C       D       E      F
               +-------+-------+-------+-------+-------+----------------------
         Total | 100.0 | 100.0 |   N/A |   N/A | 100.0 | 261.7
       Dungeon | 100.0 | 100.0 |   N/A |   N/A | 100.0 | 305.3
               +-------+-------+-------+-------+-------+----------------------

Table legend: (Time is in decaauts)
 A = Elapsed time spent in this place.
 B = Non-inter-level travel time spent in this place.
 C = Inter-level travel time spent in this place.
 D = Time resting spent in this place.
 E = Time spent auto-exploring this place.
 F = Levels seen in this place.
 G = Mean time per level.
                   A        B        C        D        E       F      G
               +--------+--------+--------+--------+--------+-----+--------+
         Total |   7170 |   6936 |    234 |   1267 |   4618 |   7 | 1024.3 |
       Dungeon |   7033 |   6799 |    234 |   1267 |   4506 |   6 | 1172.2 |
        Temple |    136 |    136 |      0 |      0 |    112 |   1 |  136.0 |
               +--------+--------+--------+--------+--------+-----+--------+

Top non-repeatable levels by time:
     D:1: 1539 daAuts
     D:5: 1360 daAuts
     D:2: 1282 daAuts
     D:4: 1064 daAuts
     D:6: 1023 daAuts
     D:3: 763 daAuts
  Temple: 136 daAuts
